| TOP OF THE 1ST |
|
Hawaii Islanders batting - Pitching for Spokane Indians : RHP Gordon Guzenski
|
|
Pitching: RHP Gordon Guzenski
|
|
|
Batting: LHB Leo Sutherland
|
0-0: Ball 1-0: Ball 2-0: Fly out, F8 (Flyball, 8RD, EV 77.5 MPH)
|
|
Batting: RHB Joe Strain
|
0-0: SINGLE (Line Drive, 9LS, EV 111.9 MPH)
|
|
Batting: RHB Dave L Stapleton
|
0-0: Called Strike 0-1: Ball 1-1: Foul Ball, location: 2F 1-2: Ball 2-2: Foul Ball, location: 2F 2-2: SINGLE (Groundball, 34, EV 95.6 MPH) Joe Strain to second Runner from 2nd tries for 3rd, SAFE, throw by RF made to third
|
|
Batting: LHB Dom Fucci
|
0-0: Ball 1-0: Ball 2-0: Ball Wild Pitch! Joe Strain scores Dave L Stapleton to second 3-0: Base on Balls
|
|
Batting: LHB Joe DeSa
|
0-0: Foul Ball, location: 2F 0-1: Foul Ball, location: 2F 0-2: Ball 1-2: Foul Ball, location: 2F 1-2: Fly out, F8 (Flyball, 8RM, EV 91.3 MPH)
|
|
Batting: RHB Chris Nyman
|
0-0: Ball 1-0: Foul Ball, location: 2F 1-1: Ball 2-1: Ground out 5-3 (Groundball, 56, EV 90.0 MPH)
|
| Top of the 1st over - 1 run, 2 hits, 0 errors, 2 left on base; Hawaii 1 - Spokane 0 |
| BOTTOM OF THE 1ST |
|
Spokane Indians batting - Pitching for Hawaii Islanders : RHP Robert Leonard
|
|
Pitching: RHP Robert Leonard
|
|
|
Batting: RHB Craig Landis
|
0-0: Ball 1-0: Called Strike 1-1: Called Strike 1-2: Strikes out swinging
|
|
Batting: LHB Stu Pederson
|
0-0: Called Strike 0-1: Called Strike 0-2: Ball 1-2: Strikes out swinging
|
|
Batting: SHB Mark Gillaspie
|
0-0: Foul Ball, location: 2F 0-1: Ball 1-1: Foul Ball, location: 2F 1-2: Strikes out swinging
|
| Bottom of the 1st over - 0 runs, 0 hits, 0 errors, 0 left on base; Hawaii 1 - Spokane 0 |
| TOP OF THE 2ND |
|
Hawaii Islanders batting - Pitching for Spokane Indians : RHP Gordon Guzenski
|
|
Batting: LHB Scott Bradley
|
0-0: Foul Ball, location: 2F 0-1: Swinging Strike 0-2: Foul Ball, location: 2F 0-2: Foul Ball, location: 2F 0-2: Ball 1-2: Ball 2-2: Foul Ball, location: 2F 2-2: Fly out, F7 (Flyball, 7, EV 95.6 MPH)
|
|
Batting: RHB Rob Teegarden
|
0-0: Swinging Strike 0-1: Ball 1-1: Foul Ball, location: 2F 1-2: Ground out U3 (Groundball, 34S, EV 87.5 MPH)
|
|
Batting: SHB Danny Torres
|
0-0: Swinging Strike 0-1: SINGLE (Groundball, 34D, EV 100.6 MPH)
|
|
Batting: LHB Leo Sutherland
|
0-0: SINGLE (Flyball, 8LS, EV 95.0 MPH) Danny Torres to second Runner from 2nd tries for 3rd, SAFE, no throw by CF
|
|
Batting: RHB Joe Strain
|
0-0: Ball 1-0: Ball 2-0: Fielders Choice at 2nd, 6-4 (Groundball, 6, EV 105.6 MPH)
|
| Top of the 2nd over - 0 runs, 2 hits, 0 errors, 2 left on base; Hawaii 1 - Spokane 0 |
| BOTTOM OF THE 2ND |
|
Spokane Indians batting - Pitching for Hawaii Islanders : RHP Robert Leonard
|
|
Batting: LHB Dave Stockstill
|
0-0: Foul Ball, location: 2F 0-1: Swinging Strike 0-2: Ball 1-2: Ball 2-2: Foul Ball, location: 2F 2-2: Ground out 3-1 (Groundball, 34, EV 82.5 MPH)
|
|
Batting: RHB John Hanley
|
0-0: Foul Ball, location: 2F 0-1: Ball 1-1: Ball 2-1: SINGLE (Groundball, 6D, EV 102.5 MPH)
|
|
Batting: RHB Larry Fobbs
|
0-0: Ball 1-0: Foul Ball, location: 2F 1-1: Foul Ball, location: 2F 1-2: Ball 2-2: Strikes out swinging
|
|
Batting: RHB George Foussianes
|
0-0: Ball 1-0: SINGLE (Groundball, 4MD, EV 104.4 MPH) John Hanley to second
|
|
Batting: RHB Ty Waller
|
0-0: Fly out, F7 (Line Drive, 7, EV 95.0 MPH)
|
| Bottom of the 2nd over - 0 runs, 2 hits, 0 errors, 2 left on base; Hawaii 1 - Spokane 0 |
| TOP OF THE 3RD |
|
Hawaii Islanders batting - Pitching for Spokane Indians : RHP Gordon Guzenski
|
|
Batting: RHB Dave L Stapleton
|
0-0: Called Strike 0-1: Fly out, F7 (Line Drive, 7, EV 92.5 MPH)
|
|
Batting: LHB Dom Fucci
|
0-0: Fly out, F8 (Flyball, 89M, EV 95.0 MPH)
|
|
Batting: LHB Joe DeSa
|
0-0: SINGLE (Groundball, 34D, EV 94.4 MPH)
|
|
Batting: RHB Chris Nyman
|
0-0: Fly out, F8 (Flyball, 8LXD, EV 105.0 MPH)
|
| Top of the 3rd over - 0 runs, 1 hit, 0 errors, 1 left on base; Hawaii 1 - Spokane 0 |
| BOTTOM OF THE 3RD |
|
Spokane Indians batting - Pitching for Hawaii Islanders : RHP Robert Leonard
|
|
Batting: RHB Kevin Harvey
|
0-0: Foul Ball, location: 2F 0-1: Ball 1-1: Swinging Strike 1-2: Ball 2-2: Ball 3-2: Base on Balls
|
|
Batting: RHB Craig Landis
|
0-0: Called Strike 0-1: Ball 1-1: Ball 2-1: Called Strike 2-2: SINGLE (Line Drive, 4MD, EV 99.4 MPH) Kevin Harvey to second
|
|
Batting: LHB Stu Pederson
|
0-0: Foul Ball, location: 2F 0-1: Foul Ball, location: 2F 0-2: Ball Balk! Kevin Harvey to third Craig Landis to second 1-2: DOUBLE (Line Drive, 89XD, EV 104.4 MPH) Kevin Harvey scores Craig Landis scores
|
|
Batting: SHB Mark Gillaspie
|
0-0: Ball 1-0: Ball 2-0: Ball 3-0: Base on Balls
|
|
Batting: LHB Dave Stockstill
|
0-0: Called Strike 0-1: Ball 1-1: Ball 2-1: Ball 3-1: Base on Balls Stu Pederson to third Mark Gillaspie to second
|
|
Batting: RHB John Hanley
|
0-0: Called Strike 0-1: Swinging Strike 0-2: Ball 1-2: Ball 2-2: Strikes out swinging
|
|
Batting: RHB Larry Fobbs
|
0-0: Called Strike 0-1: Swinging Strike 0-2: Ball 1-2: Strikes out looking
|
|
Batting: RHB George Foussianes
|
0-0: Called Strike 0-1: Ball 1-1: Ball 2-1: Ball 3-1: Base on Balls Stu Pederson scores Mark Gillaspie to third Dave Stockstill to second
|
|
Batting: RHB Ty Waller
|
0-0: Ball 1-0: Ground out 4-3 (Groundball, 4, EV 84.4 MPH)
|
| Bottom of the 3rd over - 3 runs, 2 hits, 0 errors, 3 left on base; Hawaii 1 - Spokane 3 |
| TOP OF THE 4TH |
|
Hawaii Islanders batting - Pitching for Spokane Indians : RHP Gordon Guzenski
|
|
Batting: LHB Scott Bradley
|
0-0: Ball 1-0: SINGLE (Groundball, 6MD, EV 103.8 MPH)
|
|
Batting: RHB Rob Teegarden
|
0-0: Ball 1-0: Ball 2-0: Ball 3-0: Called Strike 3-1: Base on Balls Scott Bradley to second
|
|
Batting: SHB Danny Torres
|
0-0: Foul Ball, location: 2F 0-1: Hit by Pitch Scott Bradley to third Rob Teegarden to second
|
|
Batting: LHB Leo Sutherland
|
0-0: Ball 1-0: Ball 2-0: Ball 3-0: Called Strike 3-1: Fly out, F6 (Popup, 6MS, EV 64.4 MPH)
|
|
Batting: RHB Joe Strain
|
0-0: Ball Wild Pitch! Scott Bradley scores Rob Teegarden to third Danny Torres to second 1-0: Called Strike 1-1: Ground out 4-3 (Groundball, 34D, EV 111.3 MPH) Rob Teegarden scores Danny Torres to third
|
|
Batting: RHB Dave L Stapleton
|
0-0: Foul Ball, location: 2F 0-1: Ball 1-1: Ground out U3 (Groundball, 34S, EV 88.8 MPH)
|
| Top of the 4th over - 2 runs, 1 hit, 0 errors, 1 left on base; Hawaii 3 - Spokane 3 |
| BOTTOM OF THE 4TH |
|
Spokane Indians batting - Pitching for Hawaii Islanders : RHP Robert Leonard
|
|
Batting: RHB Kevin Harvey
|
0-0: Ground out 1-3 (Groundball, 23, EV 68.1 MPH)
|
|
Batting: RHB Craig Landis
|
0-0: Called Strike 0-1: Fly out, F8 (Flyball, 8LM, EV 90.6 MPH)
|
|
Batting: LHB Stu Pederson
|
0-0: Ball 1-0: Fly out, F7 (Flyball, 7, EV 94.4 MPH)
|
| Bottom of the 4th over - 0 runs, 0 hits, 0 errors, 0 left on base; Hawaii 3 - Spokane 3 |
| TOP OF THE 5TH |
|
Hawaii Islanders batting - Pitching for Spokane Indians : RHP Gordon Guzenski
|
|
Batting: LHB Dom Fucci
|
0-0: Called Strike 0-1: Ball 1-1: Ball 2-1: Ball 3-1: Ground out 6-3 (Groundball, 56, EV 103.1 MPH)
|
|
Batting: LHB Joe DeSa
|
0-0: Called Strike 0-1: Ball 1-1: Fly out, F3 (Line Drive, 3, EV 75.0 MPH)
|
|
Batting: RHB Chris Nyman
|
0-0: Ball 1-0: Called Strike 1-1: Fly out, F9 (Flyball, 9LS, EV 88.1 MPH)
|
| Top of the 5th over - 0 runs, 0 hits, 0 errors, 0 left on base; Hawaii 3 - Spokane 3 |
| BOTTOM OF THE 5TH |
|
Spokane Indians batting - Pitching for Hawaii Islanders : RHP Robert Leonard
|
|
Batting: SHB Mark Gillaspie
|
0-0: Swinging Strike 0-1: Foul Ball, location: 2F 0-2: Ball 1-2: Strikes out swinging
|
|
Batting: LHB Dave Stockstill
|
0-0: Ball 1-0: Swinging Strike 1-1: Swinging Strike 1-2: Foul Ball, location: 2F 1-2: Foul Ball, location: 2F 1-2: Ball 2-2: Strikes out looking
|
|
Batting: RHB John Hanley
|
0-0: Fly out, F9 (Flyball, 89D, EV 94.4 MPH)
|
| Bottom of the 5th over - 0 runs, 0 hits, 0 errors, 0 left on base; Hawaii 3 - Spokane 3 |
| TOP OF THE 6TH |
|
Hawaii Islanders batting - Pitching for Spokane Indians : RHP Gordon Guzenski
|
|
Batting: LHB Scott Bradley
|
0-0: Called Strike 0-1: Ball 1-1: Ball 2-1: Ball 3-1: Swinging Strike 3-2: Base on Balls
|
|
Batting: RHB Rob Teegarden
|
0-0: Ball 1-0: Ball 2-0: Ball 3-0: Called Strike 3-1: Fly out, F7 (Flyball, 7D, EV 93.8 MPH)
|
|
Batting: SHB Danny Torres
|
0-0: Ball 1-0: Foul Ball, location: 2F 1-1: Called Strike 1-2: Ball 2-2: Strikes out looking
|
|
Batting: LHB Leo Sutherland
|
0-0: Called Strike 0-1: Ball 1-1: Foul Ball, location: 2F 1-2: Ball 2-2: Strikes out looking
|
| Top of the 6th over - 0 runs, 0 hits, 0 errors, 1 left on base; Hawaii 3 - Spokane 3 |
| BOTTOM OF THE 6TH |
|
Spokane Indians batting - Pitching for Hawaii Islanders : RHP Robert Leonard
|
|
Batting: RHB Larry Fobbs
|
0-0: Called Strike 0-1: Swinging Strike 0-2: Strikes out swinging
|
|
Batting: RHB George Foussianes
|
0-0: Ball 1-0: Ground out U3 (Groundball, 34, EV 83.1 MPH)
|
|
Batting: RHB Ty Waller
|
0-0: Foul Ball, location: 2F 0-1: Foul Ball, location: 2F 0-2: Reached on error, E7 (Flyball, 78D, EV 87.5 MPH)
|
|
Batting: RHB Kevin Harvey
|
0-0: Ball 1-0: Ball 2-0: Fly out, F7 (Flyball, 78D, EV 93.1 MPH)
|
| Bottom of the 6th over - 0 runs, 0 hits, 1 error, 1 left on base; Hawaii 3 - Spokane 3 |
| TOP OF THE 7TH |
|
Hawaii Islanders batting - Pitching for Spokane Indians : RHP Gordon Guzenski
|
|
Batting: RHB Joe Strain
|
0-0: Ball 1-0: Ball 2-0: Fly out, F8 (Line Drive, 8LM, EV 93.8 MPH)
|
|
Batting: RHB Dave L Stapleton
|
0-0: Called Strike 0-1: Ball 1-1: Foul Ball, location: 2F 1-2: Ground out 4-3 (Groundball, 4, EV 83.8 MPH)
|
|
Batting: LHB Dom Fucci
|
0-0: Foul Ball, location: 2F 0-1: Ball 1-1: Ground out 4-3 (Groundball, 4, EV 85.6 MPH)
|
| Top of the 7th over - 0 runs, 0 hits, 0 errors, 0 left on base; Hawaii 3 - Spokane 3 |
| BOTTOM OF THE 7TH |
|
Spokane Indians batting - Pitching for Hawaii Islanders : RHP Robert Leonard
|
|
Batting: RHB Craig Landis
|
0-0: Called Strike 0-1: Foul Ball, location: 2F 0-2: Ball 1-2: Foul Ball, location: 2F 1-2: Ball 2-2: Foul Ball, location: 2F 2-2: Ball 3-2: Strikes out swinging
|
|
Batting: LHB Stu Pederson
|
0-0: Ball 1-0: Ball 2-0: Ball 3-0: Foul Ball, location: 2F 3-1: Foul Ball, location: 2F 3-2: Strikes out swinging
|
|
Batting: SHB Mark Gillaspie
|
0-0: Swinging Strike 0-1: Swinging Strike 0-2: Ball 1-2: Ground out U3 (Groundball, 3S, EV 76.3 MPH)
|
| Bottom of the 7th over - 0 runs, 0 hits, 0 errors, 0 left on base; Hawaii 3 - Spokane 3 |
| TOP OF THE 8TH |
|
Hawaii Islanders batting - Pitching for Spokane Indians : RHP Gordon Guzenski
|
|
Batting: LHB Joe DeSa
|
0-0: Ball 1-0: Foul Ball, location: 2F 1-1: Foul Ball, location: 2F 1-2: Ground out U3 (Groundball, 3L, EV 78.1 MPH)
|
|
Batting: RHB Chris Nyman
|
0-0: Called Strike 0-1: Ground out 3-1 (Groundball, 34S, EV 81.3 MPH)
|
|
Batting: LHB Scott Bradley
|
0-0: Ball 1-0: Ball 2-0: Fly out, F8 (Flyball, 89D, EV 93.1 MPH)
|
| Top of the 8th over - 0 runs, 0 hits, 0 errors, 0 left on base; Hawaii 3 - Spokane 3 |
| BOTTOM OF THE 8TH |
|
Spokane Indians batting - Pitching for Hawaii Islanders : RHP Robert Leonard
|
|
Batting: LHB Dave Stockstill
|
0-0: TRIPLE (Groundball, 3L, EV 104.4 MPH)
|
|
Batting: RHB John Hanley
|
0-0: Ball 1-0: Ball 2-0: Ball 3-0: Base on Balls
|
|
Batting: RHB Larry Fobbs
|
0-0: Ball 1-0: Swinging Strike 1-1: Ground out 5-3 (Groundball, 56S, EV 87.5 MPH) John Hanley to second
|
|
Batting: RHB George Foussianes
|
0-0: Swinging Strike 0-1: Swinging Strike 0-2: Ball 1-2: Ball 2-2: Fly out, F9 (Flyball, 89D, EV 100.0 MPH) Runner from 3rd tags up, OUT at HOME! 9-2
|
| Bottom of the 8th over - 0 runs, 1 hit, 0 errors, 1 left on base; Hawaii 3 - Spokane 3 |
| TOP OF THE 9TH |
|
Hawaii Islanders batting - Pitching for Spokane Indians : RHP Gordon Guzenski
|
|
Pitching: LHP Michael Nored
|
|
|
Batting: RHB Rob Teegarden
|
0-0: Called Strike 0-1: Ball 1-1: Ball 2-1: Swinging Strike 2-2: Ball 3-2: Foul Ball, location: 2F 3-2: Ground out 6-3 (Groundball, 56, EV 90.0 MPH)
|
|
Pinch Hitting: RHB Peter Peltz
|
0-0: Ball 1-0: Ball 2-0: Ball 3-0: Called Strike 3-1: Ground out 5-3 (Groundball, 5, EV 82.5 MPH)
|
|
Batting: LHB Leo Sutherland
|
0-0: Ball 1-0: Foul Ball, location: 2F 1-1: Ground out U3 (Groundball, 3L, EV 86.9 MPH)
|
| Top of the 9th over - 0 runs, 0 hits, 0 errors, 0 left on base; Hawaii 3 - Spokane 3 |
| BOTTOM OF THE 9TH |
|
Spokane Indians batting - Pitching for Hawaii Islanders : RHP Robert Leonard
|
|
Pitching: RHP Roger Weaver
|
|
|
Now at 3B: Peter Peltz
|
|
|
Pinch Hitting: LHB Joseph Lentsch
|
0-0: Ball 1-0: Ball 2-0: Ball 3-0: Called Strike 3-1: Fly out, F5 (Line Drive, 5, EV 61.9 MPH)
|
|
Pinch Hitting: RHB Reggie Whittemore
|
0-0: Foul Ball, location: 2F 0-1: Ball 1-1: Ball 2-1: Foul Ball, location: 2F 2-2: Fly out, F9 (Flyball, 9, EV 80.6 MPH)
|
|
Batting: RHB Craig Landis
|
0-0: Ball 1-0: Ground out 5-3 (Groundball, 56, EV 84.4 MPH)
|
| Bottom of the 9th over - 0 runs, 0 hits, 0 errors, 0 left on base; Hawaii 3 - Spokane 3 |
| TOP OF THE 10TH |
|
Hawaii Islanders batting - Pitching for Spokane Indians : LHP Michael Nored
|
|
Now at 1B: Joseph Lentsch
|
|
|
Now at SS: Albert Rausch
|
|
|
Batting: RHB Joe Strain
|
0-0: Ball 1-0: Ball 2-0: SINGLE (Groundball, 6, EV 105.6 MPH)
|
|
Batting: RHB Dave L Stapleton
|
0-0: Ball 1-0: Ball 2-0: Called Strike 2-1: Foul Ball, location: 2F 2-2: Fly out, F8 (Line Drive, 8RM, EV 92.5 MPH)
|
|
Batting: LHB Dom Fucci
|
0-0: Ball Joe Strain steals 2nd base 1-0: Intentional Walk
|
|
Batting: LHB Joe DeSa
|
0-0: Ball 1-0: Called Strike 1-1: Ball 2-1: Ball 3-1: Base on Balls Joe Strain to third Dom Fucci to second
|
|
Batting: RHB Chris Nyman
|
0-0: Called Strike 0-1: Ball 1-1: Foul Ball, location: 2F 1-2: SINGLE (Groundball, 4, EV 83.1 MPH) (infield hit) Joe Strain scores Dom Fucci to third Joe DeSa to second
|
|
Batting: LHB Scott Bradley
|
0-0: Called Strike 0-1: Ball 1-1: Swinging Strike 1-2: Ball 2-2: Ball 3-2: Foul Ball, location: 2F 3-2: Foul Ball, location: 2F 3-2: Base on Balls Dom Fucci scores Joe DeSa to third Chris Nyman to second
|
|
Batting: RHB Rob Teegarden
|
0-0: Swinging Strike 0-1: Ball 1-1: Foul Ball, location: 2F 1-2: Ball 2-2: Ball 3-2: Fly out, F9 (Flyball, 89M, EV 88.8 MPH) Runner from 3rd tags up, SCORES, no throw by RF
|
|
Pitching: RHP Bob Walk
|
|
|
Batting: RHB Peter Peltz
|
0-0: Foul Ball, location: 2F 0-1: Ball 1-1: Foul Ball, location: 2F 1-2: Ball 2-2: Fielders Choice at 2nd, 6-4 (Groundball, 6, EV 91.9 MPH)
|
| Top of the 10th over - 3 runs, 2 hits, 0 errors, 2 left on base; Hawaii 6 - Spokane 3 |
| BOTTOM OF THE 10TH |
|
Spokane Indians batting - Pitching for Hawaii Islanders : RHP Roger Weaver
|
|
Batting: LHB Stu Pederson
|
0-0: Ball 1-0: Ball 2-0: Called Strike 2-1: Ball 3-1: Called Strike 3-2: Fly out, F8 (Flyball, 8LXD, EV 106.3 MPH)
|
|
Batting: SHB Mark Gillaspie
|
0-0: Ball 1-0: Ball 2-0: Foul Ball, location: 2F 2-1: Ball 3-1: Base on Balls
|
|
Batting: LHB Dave Stockstill
|
0-0: Called Strike 0-1: Fly out, F9 (Line Drive, 9, EV 86.3 MPH)
|
|
Batting: RHB John Hanley
|
0-0: Called Strike 0-1: Ball 1-1: Swinging Strike 1-2: Strikes out looking
|
| Bottom of the 10th over - 0 runs, 0 hits, 0 errors, 1 left on base; Hawaii 6 - Spokane 3 |
|